 Dungeon Crawl Stone Soup version 0.23.2-1-ga50397a (webtiles) character file.

Game seed: 9873850661468865480

764 troglodite the Slasher (level 7, -4/55 HPs)
             Began as a Demonspawn Berserker on May 6, 2019.
             Was a Priest of Trog.
             Slain by an ice beast (8 damage)
             ... on level 5 of the Dungeon.
             The game lasted 00:20:05 (4096 turns).

troglodite the Slasher (Demonspawn Berserker)       Turns: 4096, Time: 00:20:06

Health: -4/55      AC:  7    Str: 19 (21) XL:     7   Next: 51%
Magic:  7/7        EV: 16    Int:  7 (9)  God:    Trog [***...]
Gold:   213        SH:  8    Dex: 18 (19) Spells: 6/6 levels left

rFire    . . .     SeeInvis .   a - +0 falchion
rCold    . . .     Gourm    .   B - +0 shield
rNeg     . . .     Faith    .   w - +0 troll leather armour {Purgy}
rPois    .         Spirit   .   (helmet restricted)
rElec    .         Reflect  .   (no cloak)
rCorr    .         Harm     .   g - +1 pair of gloves
MR       .....     Clarity  +   (no boots)
Stlth    ++++++....             (no amulet)
HPRegen  0.58/turn              s - +4 ring of strength
MPRegen  0.10/turn              t - ring of stealth

@: agile, berserk cooldown, slowed, very slow
A: antennae 2, clarity, nightstalker 2, shaggy fur 1
a: Berserk, Trog's Hand, Renounce Religion


You were on level 5 of the Dungeon.
You worshipped Trog.
Trog was most pleased with you.
You were very hungry.

You visited 1 branch of the dungeon, and saw 5 of its levels.
You also visited: Sewer.

You collected 213 gold pieces.

Inventory:

Hand Weapons
 a - a +0 falchion (weapon)
Armour
 g - a +1 pair of gloves (worn)
 v - a +0 plate armour
 w - a +0 troll leather armour (worn) {Purgy}
 B - a +0 shield (worn)
Jewellery
 s - a +4 ring of strength (left hand)
 t - a ring of stealth (right hand)
Wands
 l - a wand of polymorph (7)
Scrolls
 b - 2 scrolls of magic mapping
 e - 2 scrolls of teleportation {unknown}
 f - 5 scrolls of identify {unknown}
 h - a scroll of noise {unknown}
 j - a scroll of fog {unknown}
 n - 3 scrolls of enchant armour {unknown}
 p - a scroll of immolation {unknown}
 q - 5 scrolls of remove curse {unknown}
 u - a scroll of random uselessness {unknown}
 y - a scroll of fear {unknown}
 A - a scroll of enchant weapon {unknown}
Potions
 i - a potion of lignification {unknown}
 k - a potion of haste
 m - 2 potions of curing
 o - 2 potions of mutation
 r - a potion of degeneration
 z - a potion of flight {unknown}
Comestibles
 c - 8 rations
 d - 3 chunks of flesh


   Skills:
 * Level 4.9 Fighting
 + Level 5.0 Long Blades
 * Level 4.2 Armour
 * Level 3.4 Dodging
 * Level 1.3 Stealth
 * Level 0.2 Shields
 + Level 0.1 Unarmed Combat


You had 6 spell levels left.
You didn't know any spells.
Your spell library was empty.

Dungeon Overview and Level Annotations

Branches:
Dungeon (5/15)
 Temple: D:4-7

Altars:
Nemelex Xobeh

Shops:
D:4 %*

Annotations:
D:5 Grinder, Ijyb


Innate Abilities, Weirdness & Mutations

You have a pair of antennae on your head.
You are significantly more attuned to the shadows.
You possess an exceptional clarity of mind.
You are covered in fur. (AC +1)


Message History

You block the ice beast's attack. The ogre misses you.
Unknown command.
It was a potion of degeneration.
There was something very wrong with that liquid.
You feel weakened.
You feel dopey.
You feel clumsy. You block the ice beast's attack.
Ijyb hits you but does no damage. You block the ogre's attack.
Ijyb closely misses you.
You riposte.
You hit Ijyb.
Ijyb is almost dead.
The ogre barely misses you.
You riposte.
You hit the ogre.
The ogre is almost dead.
The ice beast hits you but does no damage.
Ijyb completely misses you. Grinder hits you but does no damage.
You see here an amethyst potion.
It was a potion of agility.
You feel agile all of a sudden. Ijyb misses you. The ice beast hits you.
* * * LOW HITPOINT WARNING * * *
The ice beast freezes you!
You die...

......#..# ..
^.#..#..# ...
.......#
...##.......
.......s....
......@O....
.....5Yg....
............
..............
..............
...........##...
.........### ...
..........###...
.....<....#....#


You could see Grinder, an ice beast, an ogre, Ijyb and a giant cockroach.

Vanquished Creatures
  Sigmund (D:3)
  Purgy (Sewer)
  An ogre (D:4)
  A phantom (D:4)
  A bullfrog (D:4)
  An orc priest (D:4)
  A hound (D:4)
  An orc wizard (D:2)
  A worker ant (D:5)
  Robin (D:2)
  6 adders
  6 worms
  5 dart slugs
  A leopard gecko (D:4)
  5 orcs
  2 giant cockroaches
  16 goblins
  9 hobgoblins
  7 kobolds
  3 ball pythons
  9 bats
  5 frilled lizards
  13 rats
97 creatures vanquished.

Notes
Turn   | Place    | Note
-------+----------+-------------------------------------------
     0 | D:1      | troglodite the Demonspawn Berserker began the quest for the
                  | Orb.
     0 | D:1      | Reached XP level 1. HP: 18/18 MP: 1/1
   264 | D:1      | Gained mutation: You are slightly more attuned to the
                  | shadows. [demonic ancestry]
   264 | D:1      | Reached XP level 2. HP: 23/24 MP: 2/2
   702 | D:2      | Reached skill level 3 in Long Blades
   702 | D:2      | Gained mutation: You have a pair of small antennae on your
                  | head. [demonic ancestry]
   702 | D:2      | Reached XP level 3. HP: 25/29 MP: 3/3
   739 | D:2      | Noticed Robin
   742 | D:2      | Reached ** piety under Trog
   748 | D:2      | Killed Robin
   998 | D:2      | Reached XP level 4. HP: 24/36 MP: 4/4
  1736 | D:2      | Reached XP level 5. HP: 40/42 MP: 5/5
  1927 | D:3      | Found a faded altar of an unknown god.
  2150 | D:3      | Noticed Sigmund
  2164 | D:3      | Killed Sigmund
  2164 | D:3      | Reached skill level 4 in Long Blades
  2164 | D:3      | Gained mutation: You have a pair of antennae on your head.
                  | [demonic ancestry]
  2164 | D:3      | Reached XP level 6. HP: 48/48 MP: 6/6
  2383 | D:3      | Found a sparkling altar of Nemelex Xobeh.
  2525 | D:3      | Reached *** piety under Trog
  2677 | D:4      | Found Waeriasm's Mayhem Merchandise.
  2725 | D:4      | Found Vupraad's Food Shop.
  2746 | D:4      | Found a glowing drain.
  2936 | Sewer    | Entered a sewer
  3011 | Sewer    | Noticed Purgy
  3018 | Sewer    | Killed Purgy
  3018 | Sewer    | Reached skill level 1 in Stealth
  3208 | D:4      | Gained mutation: You are significantly more attuned to the
                  | shadows. [demonic ancestry]
  3208 | D:4      | Reached XP level 7. HP: 55/55 MP: 7/7
  3354 | D:4      | Gained mutation: You possess an exceptional clarity of
                  | mind. [potion of mutation]
  3354 | D:4      | Gained mutation: You are covered in fur. (AC +1) [potion of
                  | mutation]
  3628 | D:4      | Reached skill level 5 in Long Blades
  4034 | D:5      | Entered Level 5 of the Dungeon
  4074 | D:5      | Noticed Ijyb
  4077 | D:5      | Noticed Grinder
  4079 | D:5      | Paralysed by Grinder for 7 turns
  4088 | D:5      | HP: 3/82 [ice beast (11)]
  4089 | D:5      | HP: 1/82 [ogre/cursed -3 giant spiked club (2)]
  4096 | D:5      | Slain by an ice beast

Skill      XL: |  1  2  3  4  5  6  7 |
---------------+----------------------+-----
Dodging        | 2 3 |  3.4
Armour         | 2 3 4 |  4.2
Long Blades    | 3 4 5 |  5.0
Fighting       | 4 |  4.9
Stealth        | 1 |  1.3
Shields        | |  0.2
Unarmed Combat | |  0.1

Action                   |  1- 3 |  4- 6 |  7- 9 || total
-------------------------+-------+-------+-------++-------
Melee: Falchion          |   105 |   220 |    95 ||   420
       Unarmed           |     8 |       |       ||     8
Invok: Berserk           |     2 |     6 |     2 ||    10
       Trog's Hand       |       |     1 |       ||     1
  Use: Scroll            |       |     1 |       ||     1
       Potion            |       |       |     5 ||     5
 Stab: Sleeping          |     2 |     4 |     3 ||     9
       Confused          |     1 |       |       ||     1
  Eat: Chunk             |     2 |    13 |     4 ||    19
Armor: Animal skin       |     5 |       |       ||     5
       Ring mail         |    39 |    38 |       ||    77
       Skin              |     1 |       |       ||     1
       Plate armour      |       |    87 |       ||    87
       Troll leather arm |       |     3 |    37 ||    40
Dodge: Dodged            |    71 |   112 |    69 ||   252
Block: Shield            |       |       |    15 ||    15
       Rpst.: Falchion   |    21 |    35 |    22 ||    78
